 Dungeon Crawl Stone Soup version 0.21.1-72-gffa868e (webtiles) character file.

43 Econoterrorist the Insei (level 3, -10/26 HPs)
             Began as a Demonspawn Transmuter on Aug 5, 2018.
             Mangled by Sigmund
             ... wielding a +0 scythe of slicing
              (12 damage)
             ... on level 2 of the Dungeon.
             The game lasted 00:04:00 (1733 turns).

Econoterrorist the Insei (Demonspawn Transmuter)    Turns: 1733, Time: 00:04:01

Health: -10/26     AC:  2    Str: 10    XL:     3   Next: 37%
Magic:  0/6        EV: 12    Int: 15    God:
Gold:   80         SH:  0    Dex: 13    Spells: 2/6 levels left

rFire    . . .     SeeInvis .     - Unarmed
rCold    . . .     Gourm    .   (no shield)
rNeg     . . .     Faith    .   b - +0 robe
rPois    .         Spirit   +   (no helmet)
rElec    .         Reflect  .   (no cloak)
rCorr    .         Harm     .   (no gloves)
MR       .....                  (no boots)
Stlth    +.........             (no amulet)
HPRegen  0.08/turn              (no ring)
MPRegen  0.10/turn              (no ring)

@: no status effects
A: magic shield
a: no special abilities


You were on level 2 of the Dungeon.
You were not hungry.

You visited 1 branch of the dungeon, and saw 2 of its levels.

You collected 80 gold pieces.

Inventory:

Armour
 b - a +0 robe (worn)
Scrolls
 f - 2 scrolls of amnesia {unknown}
 h - a scroll of magic mapping {unknown}
 i - a scroll of remove curse {unknown}
 j - a scroll of identify {unknown}
Potions
 a - a potion of haste {unknown}
 e - a potion of heal wounds {unknown}
 g - 2 potions of flight {unknown}
Books
 c - a book of Changes

   Spells                             Type                      Level
   a - Beastly Appendage              Transmutation                1
   b - Sticks to Snakes               Transmutation                2
   c - Spider Form                    Transmutation/Poison         3
   d - Ice Form                       Ice/Transmutation            4
   e - Blade Hands                    Transmutation                5
Comestibles
 d - 4 rations


   Skills:
 - Level 1.0 Fighting
 - Level 1.7 Dodging
 - Level 3.9 Unarmed Combat
 - Level 2.0 Spellcasting
 + Level 1.9 Transmutations
 + Level 0.5 Poison Magic


You had 2 spell levels left.
You knew the following spells:

 Your Spells              Type           Power        Failure   Level  Hunger
a - Beastly Appendage     Tmut           #.....       10%         1    #......
b - Spider Form           Tmut/Pois      #.........   38%         3    ###....


Dungeon Overview and Level Annotations

Branches:
Dungeon (2/15)

Altars:

Annotations:
D:2 Sigmund


Innate Abilities, Weirdness & Mutations

When hurt, damage is shared between your health and your magic reserves.


Message History

Sigmund flickers and vanishes!
Deactivating autopickup; reactivate with Ctrl-A.
You bump into the rock wall.
Something hits you but does no damage.
You bump into the rock wall.
Something hits you.
You bump into the rock wall.
Your transformation has ended.
Your +0 robe unmelds from your body.
Something hits you but does no damage.
You barely miss something.
You bump into the rock wall.
You feel less confused. Something hits you!
* * * LOW HITPOINT WARNING * * *
You hear some strange, mumbled words.
A puff of flame appears from out of thin air!
The puff of flame hits you!
* * * LOW HITPOINT WARNING * * *
Something tries to affect you, but you resist.
There is a stone staircase leading up here.
Something hits you!
You die...

# #.#..##..........#
#....##.......##...
#...........# . ..##
#.###.......#
.....##.###......รท#
#.....##.......#
####...#.......#
##..{.......#
##...@...#####
#.###.......#
#....#......#
...............
######.#.......
#.#...[... ..
......# ## ......#
.......


There were no monsters in sight!

Vanquished Creatures
  3 giant cockroaches
  2 goblins
  3 hobgoblins (D:1)
  7 jackals
  A quokka (D:2)
  A ball python (D:1)
  9 bats
  3 frilled lizards
  5 kobolds
  5 rats
39 creatures vanquished.

Notes
Turn   | Place    | Note
-------+----------+-------------------------------------------
     0 | D:1      | Econoterrorist the Demonspawn Transmuter began the quest for the Orb.
     0 | D:1      | Reached XP level 1. HP: 15/15 MP: 3/3
   181 | D:1      | Reached skill level 3 in Unarmed Combat
   215 | D:1      | Gained mutation: When hurt, damage is shared between your health and your magic reserves. [demonic ancestry]
   215 | D:1      | Reached XP level 2. HP: 17/21 MP: 3/5
   963 | D:1      | Reached XP level 3. HP: 15/26 MP: 4/6
  1214 | D:2      | Noticed Sigmund
  1235 | D:1      | Learned a level 3 spell: Spider Form
  1723 | D:2      | HP: 1/26 [something/puff of flame (6)]
  1733 | D:2      | Mangled by Sigmund

Skill      XL: |  1 |
---------------+----+-----
Unarmed Combat | 3 |  3.9
Fighting       | |  1.0
Dodging        | |  1.7
Spellcasting   | |  2.0
Transmutations | |  1.9
Poison Magic   | |  0.5

Action                   || total
-------------------------++-------
Melee: Unarmed           ||   139
       Headbutt          ||     7
       Punch             ||     1
       Kick              ||     5
 Cast: Beastly Appendage ||    10
       Spider Form       ||     2
 Stab: Sleeping          ||     2
  Eat: Chunk             ||     2
       Ration            ||     1
Armor: Robe              ||    40
       Skin              ||     1
Dodge: Dodged            ||   115
